 Dungeon Crawl Stone Soup version 0.30-a0-1066-g63dfefce0d (webtiles) character file.

Game seed: 1303535976077743470

65 jimonade the Grasshopper (level 4, -4/30 HPs)
             Began as an Octopode Warper on Apr 12, 2023.
             Killed by divine providence
             ... invoked by an orc priest
              (14 damage)
             ... on level 3 of the Dungeon.
             The game lasted 00:02:15 (1779 turns).

jimonade the Grasshopper (Octopode Warper)          Turns: 1779, Time: 00:02:15

Health: -4/30      AC:  1    Str: 12    XL:     4   Next: 14%
Magic:  7/7        EV: 14    Int: 15    God:
Gold:   101        SH:  0    Dex: 17    Spells: 7/7 levels left

rFire   . . .      SeeInvis .    a - +0 hand axe
rCold   . . .      Faith    .    (no shield)
rNeg    . . .      Spirit   .    (helmet restricted)
rPois   .          Reflect  .    (no amulet)
rElec   .          Rampage  .    i - +6 ring of dexterity
rCorr   .                        (no ring)
Will    .....                    (no ring)
Stlth   +++                      (no ring)
HPRegen 0.25/turn                (no ring)
MPRegen 0.10/turn                (no ring)
                                 (no ring)
                                 (no ring)

@: no status effects
A: almost no armour, amphibious, 8 rings, camouflage 1, gelatinous body 1,
(nimble swimmer 1), tentacles
a: no special abilities


You were on level 3 of the Dungeon.
You visited 1 branch of the dungeon, and saw 3 of its levels.

You collected 101 gold pieces.

Inventory:

Hand Weapons
 a - a +0 hand axe (weapon)
 k - a +1 whip of freezing
 l - a +1 trident of flaming
Missiles
 c - 7 boomerangs of dispersal (quivered)
 f - 15 poisoned darts
Jewellery
 i - a +6 ring of dexterity (left tentacle)
Scrolls
 b - a scroll of blinking
 d - 2 scrolls of identify {unknown}
 e - 3 scrolls of teleportation {unknown}
 h - a scroll of poison {unknown}
 j - a scroll of enchant weapon {unknown}
 o - a scroll of silence {unknown}
 r - 3 scrolls of fog {unknown}
Potions
 g - a potion of might {unknown}
 m - a potion of heal wounds {unknown}
 n - a potion of curing {unknown}
 p - a potion of invisibility {unknown}
 q - a potion of haste {unknown}


   Skills:
 + Level 2.3 Fighting
 + Level 3.0 Axes
 + Level 1.0 Throwing
 + Level 2.5 Dodging
 + Level 2.4 Stealth
 + Level 2.2 Spellcasting
 + Level 3.2 Translocations


You had 7 spell levels left.
You didn't know any spells.
Your spell library contained the following spells:

 Spells                   Type           Power      Damage    Failure   Level
 Blink                    Tloc           22%        N/A       9%          2
 Lesser Beckoning         Tloc           22%        N/A       9%          2
 Teleport Other           Tloc           11%        N/A       17%         3
 Static Discharge         Conj/Air       2%         2-3/arc   32%         2
 Vhi's Electric Charge    Tloc/Air       12%        N/A       34%         3
 Manifold Assault         Tloc           11%        N/A       50%         4
 Airstrike                Air            0%         2d(1-17)  91%         4
 Summon Lightning Spire   Summ/Air       1%         N/A       91%         4
 Blade Hands              Tmut           0%         N/A       99%         5
 Iron Shot                Conj/Erth      0%         9d1       100%        6
 Animate Armour           Summ/Erth      Unusable   N/A       N/A         4

Dungeon Overview and Level Annotations

Branches:
Dungeon (3/15)

Altars:
Dithmenos


Innate Abilities, Weirdness & Mutations

You cannot wear most types of armour.
You are amphibious.
You can wear up to eight rings at the same time.
Your skin changes colour to match your surroundings (Stealth+).
Your rubbery body absorbs attacks. (AC +1, EV +1)
((You are camouflaged when in or above water. (Stealth+)))
You have tentacles for arms and can constrict up to eight enemies at once.


Message History

You hit the orc.
You kill the orc!
An orc priest comes into view. It is wielding a +0 whip.
The orc misses you.
You see here a +0 short sword.
You hit the orc. Your grab misses the orc.
The orc is heavily wounded.
The orc hits you with a +0 trident. The orc closely misses you.
The orc hits you with a +0 dagger.
You hit the orc but do no damage. Your grab misses the orc.
The orc is heavily wounded.
You barely miss the orc. The orc misses you. x2
You hit the orc but do no damage. Your grab misses the orc.
The orc is heavily wounded.
You closely miss the orc. The orc hits you with a +0 dagger.
The orc closely misses you.
You closely miss the orc. Your grab misses the orc.
The orc is heavily wounded.
You barely miss the orc. The orc misses you.
The orc priest begins to cast a cantrip, but forgets the words!
The orc misses you.
You hit the orc.
You kill the orc!
You hit the orc. The orc hits you with a +0 dagger.
Your Axes skill increases to level 3!
You hit the orc priest but do no damage.
You grab the orc priest. You hit the orc. You constrict the orc priest.
The orc priest hits you with a +0 whip. The orc hits you with a +0 dagger.
You hit the orc priest but do no damage.
You squeeze the orc priest.
The orc priest is heavily wounded.
You hit the orc.
You kill the orc!
You constrict the orc priest. The orc priest hits you with a +0 whip.
You hit the orc priest but do no damage.
The orc priest is severely wounded.
You constrict the orc priest. The orc priest closely misses you.
The orc priest mumbles some strange prayers to Beogh against you.
Beogh smites you!
You die...

#.####.####.)#
#.# #.# ##.#
## #.# #.# #.#
.# #.# ##.##
#.########
.###.###...##
#.........
............#
#.########
.....###....#
#.# .#####
##.#.###.####
.#
#.#.....@o.#
.#
#.#..##)##.#
.# #.#..##.# #
.# #.# .##..
.. .. ... #.
#.. . .... ##


You could see an orc priest.

Vanquished Creatures
  An adder (D:2)
  A worm (D:2)
  A dart slug (D:2)
  3 orcs (D:3)
  5 endoplasms
  3 goblins (D:2)
  2 hobgoblins
  4 jackals (D:2)
  9 kobolds
  4 quokkas
  2 ball pythons
  4 bats (D:1)
  4 rats
43 creatures vanquished.

Notes
Turn   | Place    | Note
-------+----------+-------------------------------------------
     0 | D:1      | jimonade the Octopode Warper began the quest for the Orb.
     0 | D:1      | Reached XP level 1. HP: 14/14 MP: 3/3
   166 | D:1      | Found a faded altar of an unknown god.
   213 | D:1      | Reached XP level 2. HP: 19/19 MP: 5/5
   223 | D:1      | Reached skill level 1 in Stealth
   938 | D:2      | Reached XP level 3. HP: 16/24 MP: 6/6
  1003 | D:2      | Found a shadowy altar of Dithmenos.
  1697 | D:2      | Reached XP level 4. HP: 26/29 MP: 7/7
  1779 | D:3      | Killed from afar by an orc priest

Illustrated notes

Levels and vault maps discovered:
D:1:      dreamdust_arrival_sigmund_warning, layout_loops_corners,
          hellmonk_ecumenical_altar_zigzags
D:2:      layout_basic, basic_altar, skrybe_limestone_x
D:3:      layout_loops_ring, minmay_misc_feat_iff, uniq_ijyb

Skill      XL: |  1  2  3  4 |
---------------+-------------+-----
Stealth        | 1 2 |  2.4
Axes           | 3 |  3.0
Fighting       | |  2.3
Throwing       | |  1.0
Dodging        | |  2.5
Spellcasting   | |  2.2
Translocations | |  3.2

Action                     |  1- 3 |  4- 6 || total
---------------------------+-------+-------++-------
  Melee: Hand axe          |    62 |    14 ||    76
         Tentacles         |    16 |     3 ||    19
         Constrict         |    15 |     1 ||    16
         Punch             |     2 |       ||     2
   Stab: Sleeping          |    14 |     1 ||    15
 Armour: Skin              |     1 |     1 ||     2
  Dodge: Dodged            |    36 |    11 ||    47

Table legend: (Time is in decaauts)
 A = Elapsed time spent in this place.
 B = Non-inter-level travel time spent in this place.
 C = Inter-level travel time spent in this place.
 D = Time resting spent in this place.
 E = Time spent auto-exploring this place.
 F = Levels seen in this place.
 G = Mean time per level.
                   A        B        C        D        E       F      G
               +--------+--------+--------+--------+--------+-----+--------+
         Total |   1791 |   1716 |     75 |      0 |   1417 |   3 |  597.0 |
       Dungeon |   1791 |   1716 |     75 |      0 |   1417 |   3 |  597.0 |
               +--------+--------+--------+--------+--------+-----+--------+

Top non-repeatable levels by time:
     D:1: 893 daAuts
     D:2: 841 daAuts
     D:3: 56 daAuts
